 Dungeon Crawl Stone Soup version 0.31-a0-924-ge39a22a033 (webtiles) character file.

Game seed: 17512600090824574809

56 Morbidden the Magician (level 4, -2/32 HPs)
             Began as a Djinni Conjurer on Oct 18, 2023.
             Slain by a +2 spectral club (8 damage)
             ... created by Ijyb
             ... on level 3 of the Dungeon.
             The game lasted 00:01:18 (1237 turns).

Morbidden the Magician (Djinni Conjurer)            Turns: 1237, Time: 00:01:19

Health: -2/32      AC:  3    Str: 11    XL:     4   Next: 15%
Gold:   70         EV: 12    Int: 21    God:
                   SH:  5    Dex: 12

rFire   + + .        a - staff of conjuration
rCold   x . .        (no shield)
rNeg    . . .        c - +0 robe
rPois   ∞            l - +0 helmet
rElec   .            (no cloak)
rCorr   .            (no gloves)
SInv    .            (boots unavailable)
Will    .....        g - amulet of reflection
Stlth   ++           j - ring of Qaextiet {rPois Str+5}
HPRegen 0.25/turn    (no ring)
MPRegen 0.00/turn

%: reflection, infuse magic (-3 HP)
@: flying
A: sickness immunity, fire resistance 2, cold vulnerability 1, float, innate
caster, HP casting, extra vitality 1
a: no special abilities


You were on level 3 of the Dungeon.
You visited 1 branch of the dungeon, and saw 3 of its levels.

You collected 70 gold pieces.

Inventory:

Armour
 c - a +0 robe (worn)
 d - a +0 chain mail of willpower
 l - a +0 helmet (worn)
Magical Staves
 a - a staff of conjuration (weapon)
Jewellery
 g - an amulet of reflection (around neck)
 j - the ring of Qaextiet (left hand) {rPois Str+5}
   (You found it on level 2 of the Dungeon)

   [ring of poison resistance]

   Str+5:     It affects your strength (+5).
   rPois:     It protects you from poison
Scrolls
 b - 4 scrolls of teleportation {unknown}
 e - 2 scrolls of identify {unknown}
 h - a scroll of butterflies {unknown}
Potions
 f - a potion of mutation {unknown}
 i - 2 potions of degeneration {unknown}
 k - a potion of heal wounds {unknown}


   Skills:
 * Level 1.3 Fighting
 * Level 1.2 Armour
 * Level 3.0 Dodging
 + Level 1.9 Stealth
 * Level 3.6 Spellcasting
 * Level 3.6 Conjurations
 * Level 3.6 Hexes
 * Level 3.6 Summonings
 * Level 3.6 Necromancy
 * Level 3.6 Translocations
 * Level 3.6 Transmutations
 * Level 3.6 Fire Magic
 * Level 3.6 Ice Magic
 * Level 3.6 Air Magic
 * Level 3.6 Earth Magic
 * Level 3.6 Poison Magic


You knew the following spells:

 Your Spells              Type           Power      Damage    Failure   Level
a - Magic Dart            Conj           100%       1d8       2%          1
b - Searing Ray           Conj           56%        2d6       4%          2
c - Dazzling Flash        Conj/Hex       56%        N/A       9%          3
d - Fulminant Prism       Conj/Hex       14%        3d8       28%         4
e - Iskenderun's Mystic   Conj/Tloc      28%        2d7       28%         4
f - Necrotise             Necr           72%        1d7       2%          1
Your spell library was empty.

Dungeon Overview and Level Annotations

Branches:
Dungeon (3/15)

Altars:

Annotations:
D:1 1 transporter
D:3 Ijyb


Innate Abilities, Weirdness & Mutations

You are immune to sickness and miasma.
You are immune to poison.
Your flesh is very heat resistant. (rF++)
You are vulnerable to cold. (rC-)
You float through the air rather than walking.
You learn spells naturally, not from books.
Your magical power is your life essence.
You have superior vitality. (+4 MHP)


Message History

Your Dodging skill increases to level 3!
Unknown command.
Ijyb the Twisted Goblin comes into view.
She is wielding a +2 spectral club and carrying a wand of charming.
An orc comes into view. It is wielding a +0 club.
You finish channelling your searing ray.
Unknown command.
Ijyb throws a stone.
You block the stone with an invisible shield... and reflect it back!
The stone hits Ijyb.
There are monsters nearby!
There are monsters nearby!
Casting: Searing Ray (safe; 4% risk of failure)
Confirm with . or Enter, or press ? or * to list all spells.
Aiming: Searing Ray (safe; 4% risk of failure)
Press: ? - help, Shift-Dir - straight line, f - orc
Aim: an orc, wielding a +0 club and wearing a +0 ring mail (82% to hit)
You feel a surge of power!
The searing ray hits the orc!
You kill the orc! (Press . to maintain the ray.) Unknown command.
The searing ray hits Ijyb.
Ijyb is lightly wounded.
Unknown command.
The searing ray hits Ijyb.
Ijyb is heavily wounded.
Ijyb grins evilly.
Ijyb closely misses you. The +2 spectral club hits you.
A +2 spectral club comes into view.
Unknown command.
The searing ray hits Ijyb.
Ijyb is heavily wounded.
You finish channelling your searing ray.
Ijyb hits you with a +2 spectral club.
The +2 spectral club closely misses you.
Unknown command.
The +2 spectral club hits you. Ijyb completely misses you.
The +2 spectral club hits you.
* * * LOW HITPOINT WARNING * * *
The +2 spectral club hits you!
You die...

>...... .
.....#.#
.....#.#
......#
)).... ##...
####.g###.#
#....@(...#
#.##.######
###.#..#
##.†...##
##.##..#.###
#.....##.#
#....###<#.#
..## #.#.#
..#.#


You could see a +2 spectral club and Ijyb.

Vanquished Creatures
  An adder (D:2)
  A dart slug (D:2)
  4 orcs (D:3)
  5 bats
  4 endoplasms
  2 giant cockroaches
  2 goblins
  4 hobgoblins
  4 jackals (D:1)
  2 quokkas (D:2)
  2 ball pythons
  3 frilled lizards
  2 kobolds (D:1)
  2 rats (D:2)
38 creatures vanquished.

Notes
Turn   | Place    | Note
-------+----------+-------------------------------------------
     0 | D:1      | Morbidden the Djinni Conjurer began the quest for the Orb.
     0 | D:1      | Morbidden set off with the following spells memorised:
                  | Magic Dart, Searing Ray, Dazzling Flash, Fulminant Prism,
                  | Iskenderun's Mystic Blast.
     0 | D:1      | Reached XP level 1. HP: 15/15 MP: 0/0
    59 | D:1      | Reached XP level 2. HP: 11/22 MP: 0/0
   706 | D:2      | Reached XP level 3. HP: 22/26 MP: 0/0
   706 | D:2      | Learned a level 1 spell: Necrotise
   881 | D:2      | Reached skill level 1 in Fighting
   881 | D:2      | Reached skill level 1 in Armour
  1056 | D:2      | Identified the ring of Qaextiet {rPois Str+5}
  1229 | D:3      | Reached XP level 4. HP: 27/32 MP: 0/0
  1230 | D:3      | Noticed Ijyb
  1237 | D:3      | Slain by a +2 spectral club

Illustrated notes

Levels and vault maps discovered:
D:1:      spicycebolla_arrival_risky_transporter, layout_rooms
D:2:      layout_rooms
D:3:      wad_pebble_path, layout_basic, nicolae_overflow_squiral,
          minmay_joined_circles, uniq_grinder, uniq_crazy_yiuf_cottage,
          uniq_terence, uniq_ijyb

Skill      XL: |  1  2  3  4 |
---------------+-------------+-----
Fighting       | 1 |  1.3
Armour         | 1 |  1.2
Dodging        | 3 |  3.0
Stealth        | |  1.9
Spellcasting   | |  3.6
Conjurations   | |  3.6
Hexes          | |  3.6
Summonings     | |  3.6
Necromancy     | |  3.6
Translocations | |  3.6
Transmutations | |  3.6
Fire Magic     | |  3.6
Ice Magic      | |  3.6
Air Magic      | |  3.6
Earth Magic    | |  3.6
Poison Magic   | |  3.6

Action                     |  1- 3 |  4- 6 || total
---------------------------+-------+-------++-------
   Cast: Magic Dart        |    70 |       ||    70
         Searing Ray       |     1 |     1 ||     2
 Armour: Robe              |     6 |     5 ||    11
  Dodge: Dodged            |       |     3 ||     3
  Block: Other             |       |     1 ||     1
         Reflection        |       |     1 ||     1

Table legend: (Time is in decaauts)
 A = Elapsed time spent in this place.
 B = Non-inter-level travel time spent in this place.
 C = Inter-level travel time spent in this place.
 D = Time resting spent in this place.
 E = Time spent auto-exploring this place.
 F = Levels seen in this place.
 G = Mean time per level.
                   A        B        C        D        E       F      G
               +--------+--------+--------+--------+--------+-----+--------+
         Total |   1235 |   1111 |    124 |      0 |    949 |   3 |  411.7 |
       Dungeon |   1235 |   1111 |    124 |      0 |    949 |   3 |  411.7 |
               +--------+--------+--------+--------+--------+-----+--------+

Top non-repeatable levels by time:
     D:1: 700 daAuts
     D:2: 497 daAuts
     D:3: 37 daAuts
